 Dungeon Crawl Stone Soup version 0.23.2-40-g277498a001 (webtiles) character file.

Game seed: 14475683910132617798

32 Martska the Chiller (level 3, -3/26 HPs)
             Began as a Merfolk Ice Elementalist on Oct 2, 2019.
             Killed by nerve-wracking pain
             ... invoked by Jessica
              (14 damage)
             ... on level 2 of the Dungeon.
             The game lasted 00:07:14 (2025 turns).

Martska the Chiller (Merfolk Ice Elementalist)      Turns: 2025, Time: 00:07:15

Health: -3/26      AC:  4    Str:  8    XL:     3   Next: 25%
Magic:  6/6        EV: 13    Int: 14    God:
Gold:   73         SH:  0    Dex: 15    Spells: 3/6 levels left

rFire    . . .     SeeInvis .   l - +0 dagger
rCold    . . .     Gourm    .   (no shield)
rNeg     . . .     Faith    .   j - +0 leather armour (curse)
rPois    .         Spirit   .   p - +0 helmet
rElec    .         Reflect  .   (no cloak)
rCorr    .         Harm     .   (no gloves)
MR       .....                  (no boots)
Stlth    ++........             (no amulet)
HPRegen  0.08/turn              (no ring)
MPRegen  0.10/turn              (no ring)

@: no status effects
A: change form in water, swift swim, stealthy swim
a: no special abilities


You were on level 2 of the Dungeon.
You were not hungry.

You visited 1 branch of the dungeon, and saw 2 of its levels.

You collected 73 gold pieces.

Inventory:

Hand Weapons
 h - a +0 club
 l - a +0 dagger (weapon)
Missiles
 g - 2 exploding tomahawks (quivered)
Armour
 a - a +0 robe
 j - a cursed +0 leather armour (worn)
 m - a +0 leather armour
 p - a +0 helmet (worn)
Jewellery
 f - an uncursed ring of resist corrosion {unknown}
Scrolls
 d - 2 scrolls of identify {unknown}
 i - 2 scrolls of teleportation {unknown}
 k - a scroll of enchant weapon {unknown}
 n - a scroll of random uselessness {unknown}
 q - a scroll of fear {unknown}
Potions
 b - a potion of ambrosia {unknown}
 e - a potion of agility {unknown}
 o - 3 potions of curing {unknown}
Comestibles
 c - 3 rations


   Skills:
 * Level 1.3 Fighting
 * Level 3.1 Dodging
 + Level 2.3 Stealth
 + Level 2.2 Spellcasting
 - Level 0.7 Conjurations
 + Level 3.8 Ice Magic


You had 3 spell levels left.
You knew the following spells:

 Your Spells              Type           Power        Failure   Level  Hunger
a - Freeze                Ice            ##..         7%          1    #......
b - Throw Frost           Conj/Ice       #.....       21%         2    ###....

Your spell library contained the following spells:

 Spells                   Type           Power        Failure   Level  Hunger
 Ozocubu's Armour         Chrm/Ice       #.......     43%         3    ###....
 Throw Icicle             Conj/Ice       #.......     78%         4    #####..
 Summon Ice Beast         Ice/Summ       #.......     83%         4    #####..


Dungeon Overview and Level Annotations

Branches:
Dungeon (2/15)

Altars:

Annotations:
D:2 Jessica


Message History

Jessica the Apprentice Sorceress comes into view.
She is wielding a +0 club and wearing a +2 robe of positive energy.
Jessica shouts!
You hit Jessica but do no damage. Jessica gestures at you while chanting.
Pain shoots through your body!
You closely miss Jessica.
Jessica gestures wildly while chanting.
Jessica blinks!
Jessica gestures at you while chanting. Pain shoots through your body!
Jessica gestures wildly.
Jessica gestures wildly while chanting.
Jessica blinks!
Jessica mumbles some strange words.
Jessica blinks!
Jessica grins evilly.
Jessica casts a spell at you. Pain shoots through your body!
Ouch! That really hurt!
You die...

#..####.###......<.....<..#
##.# #..................##
#.# ###.##.####........#
#.# #...........<....# #.#
####.###########.# #.# #.#
.# #.# ## #.#######
#.@...@.# #######.# #.# #@#
#.# #.# #.# #.# #.#


You could see Jessica.

Vanquished Creatures
  A dart slug (D:2)
  A leopard gecko (D:2)
  A ball python (D:1)
  4 giant cockroaches (D:1)
  3 hobgoblins (D:1)
  3 kobolds (D:1)
  5 bats (D:1)
  5 goblins (D:1)
  2 rats (D:1)
25 creatures vanquished.

Notes
Turn   | Place    | Note
-------+----------+-------------------------------------------
     0 | D:1      | Martska the Merfolk Ice Elementalist began the quest for
                  | the Orb.
     0 | D:1      | Reached XP level 1. HP: 13/13 MP: 3/3
   734 | D:1      | Reached XP level 2. HP: 16/20 MP: 3/5
   862 | D:1      | Learned a level 2 spell: Throw Frost
  1159 | D:1      | Reached skill level 1 in Fighting
  1441 | D:1      | Reached XP level 3. HP: 26/26 MP: 3/6
  2008 | D:2      | Noticed Jessica
  2025 | D:2      | Killed from afar by Jessica

Skill      XL: |  1  2 |
---------------+-------+-----
Fighting       | 1 |  1.3
Dodging        | 3 |  3.1
Stealth        | |  2.3
Spellcasting   | |  2.2
Conjurations   | |  0.7
Ice Magic      | |  3.8

Action                   || total
-------------------------++-------
Melee: Unarmed           ||    12
       Club              ||    14
       Dagger            ||     3
 Cast: Freeze            ||    31
       Throw Frost       ||     3
 Stab: Sleeping          ||     1
  Eat: Chunk             ||     2
       Ration            ||     1
Armor: Robe              ||     6
       Leather armour    ||    54
Dodge: Dodged            ||   117
